 Dungeon Crawl Stone Soup version 0.25-a0-940-gc6eaff51cc (webtiles) character file.

Game seed: 4056354099247051540, levelgen mode: deterministic

7 Esekla the Skirmisher (level 2, -7/16 HPs)
             Began as a Vine Stalker Abyssal Knight on May 5, 2020.
             Was an Initiate of Lugonu.
             Mangled by Sigmund
             ... wielding a +2 scythe of venom
              (11 damage)
             ... on level 3 of the Dungeon.
             The game lasted 00:01:41 (118 turns).

Esekla the Skirmisher (Vine Stalker Abyssal Knight)  Turns: 118, Time: 00:01:41

Health: -7/16      AC:  3    Str: 14    XL:     2   Next: 0%
Magic:  0/4        EV: 11    Int: 12    God:    Lugonu [......]
Gold:   25         SH:  0    Dex: 13    Spells: 1/1 levels left

rFire    . . .     SeeInvis .   a - +1 falchion
rCold    . . .     Gourm    .   (no shield)
rNeg     . . .     Faith    +   b - +0 leather armour
rPois    .         Spirit   +   (no helmet)
rElec    .         Reflect  .   (no cloak)
rCorr    .         Harm     .   (no gloves)
MR       .....                  (no boots)
Stlth    +.........             d - amulet of faith
HPRegen  0.05/turn              (no ring)
MPRegen  0.09/turn              (no ring)

@: lethally poisoned (-7 -> -32), hasted, very quick
A: fangs 2, magic shield, antimagic bite, no potion heal 3, rot immunity
a: Renounce Religion


You were on level 3 of the Dungeon.
You worshipped Lugonu.
Lugonu was noncommittal.
You were not hungry.

You visited 1 branch of the dungeon, and saw 3 of its levels.
You visited the Abyss 1 time.

You collected 25 gold pieces.

Inventory:

Hand Weapons
 a - a +1 falchion (weapon)
Armour
 b - a +0 leather armour (worn)
Jewellery
 d - an amulet of faith (around neck)
Scrolls
 e - 3 scrolls of random uselessness {unknown}
 f - a scroll of identify {unknown}
Comestibles
 c - a ration


   Skills:
 + Level 2.8 Fighting
 * Level 2.2 Long Blades
 - Level 1.5 Armour
 + Level 0.7 Dodging
 * Level 1.7 Invocations


You had one spell level left.
You didn't know any spells.
Your spell library was empty.

Dungeon Overview and Level Annotations

Branches:
Dungeon (3/15)

Altars:

Annotations:
D:3 Sigmund


Innate Abilities, Weirdness & Mutations

You have extremely sharp teeth.
When hurt, damage is shared between your health and your magic reserves.
Your bite disrupts and absorbs the magic of your enemies.
Potions cannot restore your health.
You are immune to rotting.


Message History

Sigmund is lightly wounded.
You hit Sigmund.
Sigmund is moderately wounded.
Sigmund completely misses you.
You barely miss Sigmund. You bite Sigmund, but do no damage.
Sigmund is moderately wounded.
Sigmund casts a spell.
Sigmund flickers and vanishes!
Deactivating autopickup; reactivate with Ctrl-A.
You barely miss something. Something hits you!
You are lethally poisoned!
It was a potion of haste.
You feel yourself speed up.
You feel sick. Something hits you.
You are more poisoned.
You hit something.
You feel sick.
You slash something! Your bite misses something.
* * * LOW HITPOINT WARNING * * *
You feel sick. Something hits you!
Ouch! That really hurt!
You die...

## . .#
#.##
##...#...
#@{......
#......>..
#.........
#<.>.....#
##.....#.#
.....## #
###.## .#


There were no monsters in sight!

Vanquished Creatures
  An ooze (D:2)
  A leopard gecko (D:2)
2 creatures vanquished.

Notes
Turn   | Place    | Note
-------+----------+-------------------------------------------
     0 | Abyss:1  | Esekla the Vine Stalker Abyssal Knight began the quest for
                  | the Orb.
     0 | Abyss:1  | Reached XP level 1. HP: 11/11 MP: 3/3
    29 | Abyss:1  | Noticed a fire bat
    36 | D:1      | Escaped the Abyss
    36 | D:1      | Noticed a troll
    38 | D:1      | Noticed a dwarf
    40 | D:1      | Noticed a minotaur skeleton
    43 | D:1      | Noticed a centaur
    50 | D:1      | Noticed an octopode
    92 | D:2      | Reached XP level 2. HP: 16/16 MP: 4/4
   110 | D:3      | Noticed Sigmund
   118 | D:3      | Mangled by Sigmund

Levels and vault maps discovered:
D:1:      shiori_arrival_whats_in_store_for_you, layout_basic
D:2:      layout_basic, old_standard_altar, lemuel_round_altar, first_ration,
          serial_glass, glass_columns_b, glass_columns_a, minmay_misc_feat_room,
          uniq_jessica
D:3:      layout_loops_ring, kennysheep_okawaru_gauntlet, uniq_sigmund,
          uniq_ijyb, uniq_robin, uniq_crazy_yiuf_cottage

Skill      XL: |  1 |
---------------+----+-----
Long Blades    | 2 |  2.2
Fighting       | |  2.8
Armour         | |  1.5
Dodging        | |  0.7
Invocations    | |  1.7

Action                   || total
-------------------------++-------
Melee: Falchion          ||    11
       Bite              ||     3
Invok: Depart the Abyss  ||     1
  Use: Potion            ||     1
Dodge: Dodged            ||     6
       Rpst.: Falchion   ||     2

Table legend:
 A = Non-vault XP
 B = Vault XP
 C = Vault XP percentage of total XP
 D = Non-vault monster count
 E = Vault monster count
 F = Vault count percentage of total count
                 A         B        C        D         E       F
            +---------+---------+-------+---------+---------+-------
      Total |      10 |       0 |   0.0 |       2 |       0 |   0.0
            +---------+---------+-------+---------+---------+-------
        D:2 |      10 |       0 |   0.0 |       2 |       0 |   0.0
            +---------+---------+-------+---------+---------+-------
